 Dungeon Crawl Stone Soup version 0.19-a0-1861-g35def1e (webtiles) character file.

3206 Alarkh the Caller (level 9, 0/68 HPs)
             Began as a Mummy Summoner on Oct 12, 2016.
             Was an Elder of Okawaru.
             Slain by a killer bee (7 damage)
             ... on level 10 of the Dungeon.
             The game lasted 00:21:32 (9670 turns).

Alarkh the Caller (Mummy Summoner)                  Turns: 9670, Time: 00:21:32

Health: 0/68       AC:  7    Str: 11    XL:     9   Next: 65%
Magic:  18/19      EV: 12    Int: 19    God:    Okawaru [****..]
Gold:   71         SH:  0    Dex: 13    Spells: 5 memorised, 9 levels left

rFire  x . .     SeeInvis .     a - +0 halberd
rCold  + + .     Gourm    .     t - +3 leather armour
rNeg   + + +     Faith    .     (shield currently unavailable)
rPois  ∞         Spirit   .     o - +0 helmet
rElec  .         Dismiss  .     (no cloak)
rCorr  .         Reflect  .     (no gloves)
MR     +....     Harm     .     (no boots)
Stlth  ++........               (no amulet)
                                E - ring of protection from cold
                                m - +2 ring of intelligence

@: very slightly contaminated
A: no food or potions, fire vulnerability, cold resistance 1, negative energy
resistance 3, torment resistance, unbreathing
a: Heroism, Renounce Religion


You were on level 10 of the Dungeon.
You worshipped Okawaru.
Okawaru was greatly pleased with you.
You were not hungry.

You visited 2 branches of the dungeon, and saw 12 of its levels.

You collected 462 gold pieces.
You spent 391 gold pieces at shops.

Inventory:

Hand Weapons
 a - a +0 halberd (weapon)
 b - a +0 dagger of venom
 f - a +0 short sword
 n - the +3 dagger "Ciudemna" {freeze, +Rage rPois rF+ Str-4}
   (You took it off an orc priest on level 8 of the Dungeon)

   It has been specially enchanted to freeze those struck by it, causing extra
   injury to most foes and up to half again as much damage against particularly
   susceptible opponents.
   It can also slow down cold-blooded creatures.
   It affects your strength (-4).
   It protects you from fire.
   It protects you from poison.
   It lets you go berserk.
 p - a -2 spear
Missiles
 y - a throwing net (quivered)
Armour
 o - a +0 helmet (worn)
 q - a +1 robe
 t - a +3 leather armour (worn)
 B - a +0 ring mail of magic resistance
Magical Staves
 u - an uncursed staff of earth
Jewellery
 m - a +2 ring of intelligence (left hand)
 z - an uncursed ring of resist corrosion
 D - an uncursed amulet of harm
 E - a ring of protection from cold (right hand)
 F - an uncursed ring of ice
Wands
 l - a wand of slowing (29/48)
 v - a wand of lightning (9/15)
 x - a wand of paralysis (5/24)
 C - a wand of polymorph (13/24)
 G - a wand of random effects (21/48)
 H - a wand of iceblast (8/15)
Scrolls
 c - 2 scrolls of enchant armour
 d - a scroll of enchant weapon
 e - a scroll of identify
 g - a scroll of random uselessness
 h - 6 scrolls of amnesia {unknown}
 i - 3 scrolls of teleportation
 j - 2 scrolls of recharging
 k - a scroll of blinking
 r - 2 scrolls of immolation {unknown}
 s - 2 scrolls of remove curse
Books
 w - a book of Callings

   Spells                             Type                      Level
   a - Summon Small Mammal            Summoning                    1
   b - Call Imp                       Summoning                    2
   c - Call Canine Familiar           Summoning                    3
   d - Summon Guardian Golem          Hexes/Summoning              3
   e - Summon Lightning Spire         Summoning/Air                4
   f - Summon Ice Beast               Ice/Summoning                4
 A - a book of Conjurations

   Spells                             Type                      Level
   a - Magic Dart                     Conjuration                  1
   b - Searing Ray                    Conjuration                  2
   c - Dazzling Spray                 Conjuration/Hexes            3
   d - Fulminant Prism                Conjuration/Hexes            4
   e - Iskenderun's Mystic Blast      Conjuration                  4
   f - Iskenderun's Battlesphere      Conjuration/Charms           5


   Skills:
 + Level 5.1 Fighting
 * Level 5.0 Polearms
 + Level 0.0 Armour
 + Level 1.7 Dodging
 - Level 1.5 Stealth
 + Level 7.2 Spellcasting
 + Level 7.4 Summonings


You had 9 spell levels left.
You knew the following spells:

 Your Spells              Type           Power        Failure   Level  Hunger
a - Summon Ice Beast      Ice/Summ       ###.....     28%         4    N/A
b - Summon Small Mammal   Summ           ####         1%          1    N/A
c - Call Canine Familiar  Summ           #####...     1%          3    N/A
d - Summon Guardian Gole  Hex/Summ       ###.....     10%         3    N/A
e - Call Imp              Summ           #####...     1%          2    N/A

Dungeon Overview and Level Annotations

Branches:
Dungeon (11/15)            Temple (1/1) D:6            Lair (0/6) D:8
    Orc (0/2) D:11

Altars:
Ashenzari
Cheibriados
Dithmenos
Elyvilon
Fedhas
Gozag
Hepliaklqana
Kikubaaqudgha
Makhleb
Nemelex Xobeh
Okawaru
Qazlal
Ru
Sif Muna
Trog
Uskayaw
Vehumet
Xom
Yredelemnul
Zin
The Shining One

Shops:
D:4 =   D:5 *   D:8 (   D:11 (

Annotations:
D:4 exclusion: upstairs


Innate Abilities, Weirdness & Mutations

You do not eat or drink.
Your flesh is vulnerable to fire.
You are immune to poison.
Your flesh is cold resistant. (rC+)
You are immune to negative energy. (rN+++)
You are immune to unholy pain and torment.
You can survive without breathing.


Message History

You are too injured to fight recklessly!
The killer bee stings your ice beast. The killer bee stings your ice beast!
Your ice beast dies!
The killer bee misses you. The killer bee stings you!
* * * LOW HITPOINT WARNING * * *
The killer bee stings you.
* * * LOW HITPOINT WARNING * * *
The killer bee stings you!
* * * LOW HITPOINT WARNING * * *
The killer bee stings you but does no damage.
Blink to where?
Press: ? - help, Dir - move target cursor You are very lightly contaminated with residual magic.
As you read the scroll of blinking, it crumbles to dust.
The killer bee buzzes angrily.
Found a metal-bound book.
There is a stone staircase leading up here.
The killer bee stings you!
You die...

#..##......# #.# #...#o#.
#..y####+#y#.##.####...#.##
#.#.# #.#§#...........#.#
#.#.. #.#.####.########.#
#. #.###.y......##...###.#
#. ##.#.#.####...).......#
.. #.........'...).......#
##.#.#†####..........##
#.....y@# #..........#
##.#.#.## ############
#....... ##.#.#.## #.#...##
#.## . # :. ..


You could see 2 killer bees.

Vanquished Creatures
  A kobold demonologist (D:11)
  A hippogriff (D:7)
  A hornet zombie (D:7)
  An orc warrior (D:8)
  A sky beast (D:8)
  2 necrophages
  An ice beast (D:7)
  A centaur (D:6)
  A scorpion (D:6)
  A killer bee (D:10)
  A hound (D:6)
  3 orc priests
  3 orc wizards
  An iguana (D:8)
  5 worker ants
  A hound zombie (D:5)
  4 gnolls
  7 adders
  3 oozes
  An adder skeleton (D:7)
  3 worms
  3 dart slugs
  2 leopard geckos
  15 orcs
  2 bats
  A giant cockroach (D:5)
  10 goblins
  4 hobgoblins
  4 jackals
  A frilled lizard (D:3)
  A jackal skeleton (D:6)
  6 kobolds
  A leopard gecko skeleton (D:8)
  2 rats
95 creatures vanquished.

Vanquished Creatures (collateral kills)
  Pikel (D:6)
  A hippogriff (D:7)
  The ghost of zkyp the Cutter, an amateur DgAr (D:4)
  An ice beast (D:8)
  A sky beast (D:7)
  2 orc warriors (D:8)
  2 centaurs
  4 big kobolds
  2 bullfrogs (D:7)
  2 scorpions
  A water moccasin skeleton (D:6)
  2 howler monkeys
  2 crimson imps
  A centaur zombie (D:8)
  2 bullfrog skeletons
  2 hounds
  A jelly (D:8)
  6 orc priests
  8 orc wizards
  A centaur skeleton (D:4)
  An iguana (D:6)
  3 worker ants
  A hound skeleton (D:7)
  A howler monkey zombie (D:6)
  6 gnolls
  6 adders
  A worm (D:2)
  24 orcs
  2 giant cockroaches
  A goblin (D:3)
  2 hobgoblins (D:2)
  3 jackals
  3 quokkas
  A ball python (D:5)
  3 bats
  3 frilled lizards
  3 kobolds
  4 rats
  A butterfly (D:8)
112 creatures vanquished.

Vanquished Creatures (others)
  An ogre (D:6)
1 creature vanquished.

Grand Total: 208 creatures vanquished

Notes
Turn   | Place    | Note
-------+----------+-------------------------------------------
     0 | D:1      | Alarkh the Mummy Summoner began the quest for the Orb.
     0 | D:1      | Reached XP level 1. HP: 13/13 MP: 3/3
   601 | D:2      | Reached XP level 2. HP: 19/19 MP: 5/5
   608 | D:2      | Found a sparkling altar of Nemelex Xobeh.
   934 | D:2      | Reached XP level 3. HP: 12/24 MP: 2/7
   938 | D:2      | Learned a level 2 spell: Call Imp
   942 | D:2      | Learned a level 3 spell: Call Canine Familiar
  1692 | D:3      | Found a sacrificial altar of Ru.
  1717 | D:3      | Reached XP level 4. HP: 16/30 MP: 5/8
  1954 | D:3      | Found a shadowy altar of Dithmenos.
  2291 | D:4      | Reached XP level 5. HP: 24/35 MP: 6/10
  2344 | D:4      | Noticed zkyp's ghost (amateur DgAr)
  3624 | D:4      | Reached XP level 6. HP: 41/41 MP: 12/12
  3724 | D:4      | Reached skill level 5 in Summonings
  3787 | D:4      | Killed zkyp's ghost
  3910 | D:4      | Found Imosin's Jewellery Shop.
  4043 | D:5      | Entered Level 5 of the Dungeon
  4160 | D:5      | Found Waev's Assorted Antiques.
  4166 | D:5      | Bought a jewelled brass wand for 108 gold pieces
  4166 | D:5      | Bought a whip for 67 gold pieces
  4203 | D:5      | Reached XP level 7. HP: 27/46 MP: 7/14
  4461 | D:5      | Reached skill level 5 in Spellcasting
  4558 | D:5      | Reached skill level 1 in Polearms
  4820 | D:5      | Learned a level 4 spell: Summon Ice Beast
  4824 | D:5      | Learned a level 3 spell: Summon Guardian Golem
  5200 | D:6      | Found a staircase to the Ecumenical Temple.
  5207 | Temple   | Entered the Ecumenical Temple
  5297 | Temple   | Became a worshipper of Warmaster Okawaru
  5309 | D:6      | Reached skill level 1 in Fighting
  5588 | D:5      | Bought an encrusted silver wand for 108 gold pieces
  5616 | D:6      | Noticed Pikel
  5635 | D:6      | Paralysed by Pikel for 4 turns
  5641 | D:6      | Killed Pikel
  5641 | D:6      | Reached * piety under Okawaru
  5641 | D:6      | Reached XP level 8. HP: 51/57 MP: 6/16
  6028 | D:6      | Found an opulent altar of Gozag.
  6274 | D:7      | Noticed a hippogriff
  6286 | D:7      | Killed a hippogriff
  6286 | D:7      | Reached ** piety under Okawaru
  6438 | D:7      | Noticed a hippogriff
  6693 | D:7      | Killed a hippogriff
  6730 | D:7      | Found a hide-covered altar of Uskayaw.
  7283 | D:8      | Reached *** piety under Okawaru
  7328 | D:8      | Reached XP level 9. HP: 35/65 MP: 7/18
  7355 | D:8      | HP: 1/65 [centaur/arrow (7)]
  7719 | D:8      | Found a staircase to the Lair.
  7846 | D:8      | Found Akiwywk's Antique Weapon Boutique.
  7989 | D:8      | Found a shimmering altar of Xom.
  8658 | D:8      | Found a glowing silver altar of Zin.
  8686 | D:8      | Got a crude dagger {freeze}
  8687 | D:8      | Identified the +3 dagger "Ciudemna" {freeze, +Rage rPois rF+ Str-4} (You took it off an orc priest on level 8 of the Dungeon)
  9205 | D:5      | Bought a shiny ivory wand for 108 gold pieces
  9322 | D:9      | You fall through a shaft for 2 floors!
  9322 | D:11     | Noticed a kobold demonologist
  9322 | D:11     | Noticed a kobold demonologist
  9324 | D:11     | Noticed a hellwing
  9324 | D:11     | Noticed a red devil
  9325 | D:11     | Noticed an ice devil
  9360 | D:11     | Noticed a red devil
  9360 | D:11     | Killed a kobold demonologist
  9370 | D:11     | Reached **** piety under Okawaru
  9488 | D:11     | Found a staircase to the Orcish Mines.
  9512 | D:11     | Found Umaomaot's Weapon Shop.
  9516 | D:11     | Noticed a hill giant
  9516 | D:10     | Entered Level 10 of the Dungeon
  9527 | D:10     | Reached skill level 5 in Fighting
  9643 | D:10     | Reached skill level 5 in Polearms
  9670 | D:10     | Slain by a killer bee

Vault maps used:
D:1:      lemuel_arrival_room, minmay_misc_feat_x
D:2:      nemelex_xobeh_ov_fountains_minmay, minmay_tromino_v7
D:3:      lemuel_crystal_altar, grunt_dithmenos_smoke_and_mirrors,
          kennysheep_generic_room_8
D:4:      first_bread, serial_shops, shop_statue
D:5:      serial_glass, glass_columns_a, glass_columns_c, serial_shops, shop,
          nrook_pool_corridor
D:6:      lemuel_doored_altar, uniq_pikel
D:7:      eat_drink_and_be_merry_uskayaw
D:8:      lemuel_coloured_pillars_altar, xom_butterflies, lair_0_dummy,
          serial_shops, shop
D:9:      uniq_erolcha
D:10:     enter_trove_0, minmay_misc_feat_ornament, st_stairs_8,
          minmay_statues_item, lemuel_hellish_altar
D:11:     orc_david_3, grunt_ogre_cave, minivault_1
Temple:   nicolae_temple_great_sept

Skill      XL: |  1  2  3  4  5  6  7  8  9 |
---------------+----------------------------+-----
Spellcasting   | 3 4 5 6 7 |  7.2
Summonings     | 4 5 6 7 |  7.4
Polearms       | 2 3 5 |  5.0
Fighting       | 2 3 5 |  5.1
Dodging        | |  1.7
Stealth        | |  1.5

Action                   |  1- 3 |  4- 6 |  7- 9 || total
-------------------------+-------+-------+-------++-------
Melee: Unarmed           |    21 |       |       ||    21
       Short sword       |    81 |    10 |       ||    91
       Dagger            |       |   101 |       ||   101
       Halberd           |       |    18 |   374 ||   392
       Spear             |       |     5 |       ||     5
 Cast: Summon Small Mamm |    18 |       |       ||    18
       Call Canine Famil |     9 |    24 |    75 ||   108
       Call Imp          |       |    11 |    32 ||    43
       Summon Ice Beast  |       |       |     3 ||     3
Invok: Heroism           |       |       |     1 ||     1
  Use: Scroll            |     1 |     6 |     8 ||    15
 Stab: Sleeping          |     4 |       |       ||     4
       Distracted        |       |     1 |     5 ||     6
Armor: Robe              |    14 |    23 |    11 ||    48
       Leather armour    |       |       |   121 ||   121
Dodge: Dodged            |    82 |    77 |   237 ||   396
